 Dungeon Crawl Stone Soup version 0.20.0-10-g0535bb4 (webtiles) character file.

213 GalAn the Shield-Bearer (level 5, 0/46 HPs)
             Began as a Hill Orc Fighter on June 6, 2017.
             Slain by Sigmund
             ... wielding a +2 scythe of distortion
              (9 damage)
             ... on level 3 of the Dungeon.
             The game lasted 00:13:36 (2352 turns).

GalAn the Shield-Bearer (Hill Orc Fighter)          Turns: 2352, Time: 00:13:36

Health: 0/46       AC: 10    Str: 20    XL:     5   Next: 90%
Magic:  5/5        EV:  5    Int:  8    God:
Gold:   42         SH:  9    Dex: 10    Spells: 4/4 levels left

rFire    . . .     SeeInvis .   a - +0 long sword
rCold    . . .     Gourm    .   c - +0 shield
rNeg     . . .     Faith    .   u - +0 chain mail
rPois    .         Spirit   .   s - +0 helmet
rElec    .         Reflect  .   (no cloak)
rCorr    .         Harm     .   (no gloves)
MR       .....                  (no boots)
Stlth    ..........             (no amulet)
Regen    0.2/turn               (no ring)
MPRegen  0.1/turn               (no ring)

@: about to teleport, hasted, very quick
A: no striking features
a: no special abilities


You were on level 3 of the Dungeon.
You were not hungry.

You visited 1 branch of the dungeon, and saw 3 of its levels.

You collected 42 gold pieces.

Inventory:

Hand Weapons
 a - a +0 long sword (weapon)
 p - a cursed -1 dagger
Armour
 c - a +0 shield (worn)
 s - a +0 helmet (worn)
 u - a +0 chain mail (worn)
Scrolls
 b - a scroll of immolation {unknown}
 j - a scroll of identify {unknown}
 k - a scroll of enchant armour {unknown}
 l - a scroll of teleportation {unknown}
 t - a scroll of recharging {unknown}
 w - a scroll of remove curse {unknown}
Potions
 d - 3 potions of might
 e - a potion of berserk rage {unknown}
 g - a potion of heal wounds {unknown}
 h - 2 potions of curing
 n - a potion of brilliance {unknown}
 o - a potion of resistance {unknown}
 q - 2 potions of haste
 r - a potion of degeneration {unknown}
Books
 v - a book of Cantrips

   Spells                             Type                      Level
   a - Confusing Touch                Hexes                        1
   b - Animate Skeleton               Necromancy                   1
   c - Summon Small Mammal            Summoning                    1
   d - Apportation                    Translocation                1
Comestibles
 f - 2 bread rations
 i - a meat ration
 m - a royal jelly


   Skills:
 + Level 4.3 Fighting
 + Level 4.1 Long Blades
 + Level 4.0 Armour
 + Level 1.0 Dodging
 + Level 0.6 Stealth
 + Level 4.4 Shields


You had 4 spell levels left.
You didn't know any spells.

Dungeon Overview and Level Annotations

Branches:
Dungeon (3/15)

Altars:
Ashenzari

Annotations:
D:3 Sigmund


Message History

You resist with some effort.
You closely miss Sigmund. Sigmund hits you but does no damage.
Space bends around you.
You closely miss Sigmund. You block Sigmund's attack.
You hit Sigmund.
Sigmund is lightly wounded.
Sigmund hits you with a scythe of distortion!
You slash Sigmund!
Sigmund is moderately wounded.
Sigmund hits you with a scythe of distortion!
Space bends around you.
Your shield and chain mail prevent you from hitting Sigmund.
Sigmund is moderately wounded.
You feel better.
Sigmund hits you with a scythe of distortion!
* * * LOW HITPOINT WARNING * * *
You feel strangely unstable.
You feel yourself speed up.
Sigmund hits you with a scythe of distortion!
You die...

.. .## #. ... #. .##.##.
.......## ..).....#
##.## #.....@.# #...#
#......@# #...#
........### #...#
..........######...#####
.......)#.##...........#
.........(..>...........
.##.#####.##...........#
#. #.######...##### #
..# #...# #### #...#


You could see Sigmund.

Vanquished Creatures
  Natasha (thrice) (D:2)
  Robin (D:2)
  3 adders
  2 dart slugs
  2 leopard geckos
  5 orcs (D:3)
  2 ball pythons (D:1)
  9 bats
  5 giant cockroaches
  14 goblins
  10 hobgoblins
  6 jackals (D:2)
  8 kobolds
  5 frilled lizards
  11 rats
86 creatures vanquished.

Notes
Turn   | Place    | Note
-------+----------+-------------------------------------------
     0 | D:1      | GalAn the Hill Orc Fighter began the quest for the Orb.
     0 | D:1      | Reached XP level 1. HP: 19/19 MP: 1/1
   268 | D:1      | Reached XP level 2. HP: 25/27 MP: 2/2
   552 | D:1      | Reached XP level 3. HP: 33/33 MP: 3/3
  1211 | D:2      | Reached XP level 4. HP: 40/40 MP: 4/4
  1223 | D:2      | Noticed Robin
  1245 | D:2      | Killed Robin
  1380 | D:2      | Found a shattered altar of Ashenzari.
  1573 | D:2      | Noticed Natasha
  1585 | D:2      | Killed Natasha
  1585 | D:2      | Reached XP level 5. HP: 30/46 MP: 5/5
  1715 | D:2      | Noticed Natasha
  1725 | D:2      | Killed Natasha
  1792 | D:2      | Noticed Natasha
  1801 | D:2      | Killed Natasha
  1801 | D:2      | Reached skill level 1 in Dodging
  2341 | D:3      | Noticed Sigmund
  2352 | D:3      | Slain by Sigmund

Skill      XL: |  1  2  3  4  5 |
---------------+----------------+-----
Fighting       | 4 |  4.3
Long Blades    | 3 4 |  4.1
Shields        | 4 |  4.4
Armour         | 4 |  4.0
Dodging        | 1 |  1.0
Stealth        | |  0.6

Action                   |  1- 3 |  4- 6 || total
-------------------------+-------+-------++-------
Melee: Long sword        |   151 |   157 ||   308
  Use: Potion            |     1 |     2 ||     3
  Eat: Chunk             |     1 |     1 ||     2
       Bread ration      |       |     1 ||     1
Armor: Scale mail        |    71 |    46 ||   117
       Chain mail        |       |    23 ||    23
Dodge: Dodged            |    48 |    43 ||    91
Block: Shield            |    84 |    87 ||   171
       Rpst.: Long sword |    15 |    14 ||    29
